 Dungeon Crawl Stone Soup version 0.29.0-4-gdea44cf6ec (webtiles) character file.

Game seed: 2949596982326841401

3 qw the Caller (level 1, 0/14 HPs)
             Began as a Ghoul Summoner on Sept 9, 2022.
             Slain by a quokka (4 damage)
             ... on level 1 of the Dungeon.
             The game lasted 00:00:07 (265 turns).

qw the Caller (Ghoul Summoner)                       Turns: 265, Time: 00:00:08

Health: 0/14       AC:  2    Str: 11    XL:     1   Next: 50%
Magic:  0/2        EV: 12    Int: 10    God:
Gold:   17         SH:  0    Dex:  9    Spells: 2/3 levels left

rFire   . . .      SeeInvis .   f - +0 club
rCold   + . .      Faith    .   (no shield)
rNeg    + + +      Spirit   .   a - +0 robe
rPois   inf        Reflect  .   (no helmet)
rElec   .          Harm     .   (no cloak)
rCorr   .          Rampage  .   (no gloves)
Will    .....                   (no boots)
Stlth   ++........              (no amulet)
HPRegen 0.00/turn               (no ring)
MPRegen 0.08/turn               (no ring)

@: inhibited regen
A: claws 1, cold resistance 1, negative energy resistance 3, inhibited
regeneration, torment resistance 2, devour on kill
a: no special abilities


You were on level 1 of the Dungeon.
You visited 1 branch of the dungeon, and saw 1 of its levels.

You collected 17 gold pieces.


Innate Abilities, Weirdness & Mutations

You are immune to poison.
You have sharp fingernails.
Your flesh is cold resistant. (rC+)
You are immune to negative energy. (rN+++)
You do not regenerate when monsters are visible.
You are immune to unholy pain and torment.
You thrive by killing the living.


   Skills:
 + Level 0.8 Axes
 - Level 1.7 Dodging
 - Level 2.1 Stealth
 - Level 1.7 Spellcasting
 - Level 3.6 Summonings


You had 2 spell levels left.
You knew the following spells:

 Your Spells              Type           Power      Damage    Failure   Level
a - Summon Small Mammal   Summ           32%        N/A       8%          1

Your spell library contained the following spells:

 Spells                   Type           Power      Damage    Failure   Level
 Call Imp                 Summ           8%         N/A       11%         2
 Call Canine Familiar     Summ           8%         N/A       22%         3
 Summon Guardian Golem    Hex/Summ       4%         N/A       43%         3
 Summon Lightning Spire   Summ/Air       4%         N/A       83%         4

Inventory:

Hand Weapons
 f - a +0 club (weapon)
Armour
 a - a +0 robe (worn)
 c - a +0 pair of gloves of infusion
 h - a +0 chain mail
Scrolls
 d - a scroll of poison {unknown}
Potions
 b - a potion of magic
 e - a potion of berserk rage {unknown}
 g - a potion of flight {unknown}

Dungeon Overview and Level Annotations

Branches:
Dungeon (1/15)

Altars:


Message History

The goblin shouts!
A quokka comes into view.
The quokka twitches its whiskers.
The goblin barely misses your rat.
Your bat hits the quokka but does no damage.
Your rat barely misses the goblin.
Your bat barely misses the quokka. x2; The quokka barely misses your bat.
The goblin hits your rat but does no damage.
Your bat barely misses the quokka.
Your rat barely misses the goblin.
Your bat closely misses the quokka.
Your bat misses the quokka.
The goblin hits your rat with a +0 club.
Your rat dies!
Your rat's corpse disappears in a puff of smoke!
Your bat hits the goblin. You hit the quokka.
The quokka is moderately wounded.
Your bat hits the goblin. The quokka barely misses you.
You miss the quokka.
The quokka is moderately wounded.
Your bat barely misses the goblin.
The quokka bites you. x2
You hit the quokka but do no damage. You claw the quokka, but do no damage.
The quokka is moderately wounded.
Your bat barely misses the goblin.
Your bat closely misses the quokka.
The quokka barely misses you. The goblin barely misses you.
You barely miss the goblin.
The goblin is heavily wounded.
Your bat barely misses the goblin.
The quokka bites you. The goblin barely misses you.
The quokka bites you but does no damage.
You barely miss the goblin.
The goblin is heavily wounded.
The goblin hits you but does no damage. The quokka bites you.
Your bat hits the goblin.
265 ||| CASTING Summon Small Mammal
Casting: Summon Small Mammal (safe; 8% risk of failure)
Confirm with . or Enter, or press ? or * to list all spells.
Your bat hits the goblin.
The goblin dies!
Your bat barely misses the quokka.
The quokka bites you.
You die...

#. #. #. #.# .
#.#######).
#..b.......
#######...)b.....
#........@r......
#........########
#........#
.#........######
................
########.#########
#.#........
#.........#
###.#####.#


You could see a quokka (ally target) and 2 friendly bats.

Vanquished Creatures
  A giant cockroach (D:1)
  A goblin (D:1)
2 creatures vanquished.

Vanquished Creatures (collateral kills)
  A goblin (D:1)
  A frilled lizard (D:1)
2 creatures vanquished.

Grand Total: 4 creatures vanquished

Notes
Turn   | Place    | Note
-------+----------+-------------------------------------------
     0 | D:1      | qw the Ghoul Summoner began the quest for the Orb.
     0 | D:1      | Reached XP level 1. HP: 14/14 MP: 2/2
     0 | D:1      | 0 ||| qw: Version: 0.1-a-113-g051387a
     0 | D:1      | 0 ||| qw: Game counter: 6963
     0 | D:1      | 0 ||| qw: Always use a shield: true
     0 | D:1      | 0 ||| qw: God list: Okawaru
     0 | D:1      | 0 ||| qw: Allow faded altars: false
     0 | D:1      | 0 ||| qw: Do Orc after D:15 true
     0 | D:1      | 0 ||| qw: Do second Lair branch before Depths: true
     0 | D:1      | 0 ||| qw: Lair rune preference: random
     0 | D:1      | 0 ||| qw: Plans: Normal
     0 | D:1      | 0 ||| PLANNING D:1-11
    89 | D:1      | 89 ||| CASTING Summon Small Mammal
    90 | D:1      | 90 ||| CASTING Summon Small Mammal
   120 | D:1      | 120 ||| CASTING Summon Small Mammal
   121 | D:1      | 121 ||| CASTING Summon Small Mammal
   175 | D:1      | 175 ||| CASTING Summon Small Mammal
   176 | D:1      | 176 ||| CASTING Summon Small Mammal
   202 | D:1      | 202 ||| Wielding weapon +0 club.
   253 | D:1      | 253 ||| CASTING Summon Small Mammal
   254 | D:1      | 254 ||| CASTING Summon Small Mammal
   265 | D:1      | 265 ||| CASTING Summon Small Mammal
   265 | D:1      | Slain by a quokka

Levels and vault maps discovered:
D:1:      ncdulo_wetmaze, layout_basic, shapermc_ecumenical_altar_petra,
          serial_shops, nicolae_shop_crystal

Action                   || total
-------------------------++-------
Melee: Unarmed           ||     9
       Club              ||     5
       Punch             ||     1
 Cast: Summon Small Mamm ||     8
Armor: Robe              ||     5
Dodge: Dodged            ||     9

Table legend:
 A = Non-vault XP
 B = Vault XP
 C = Vault XP percentage of total XP
 D = Non-vault monster count
 E = Vault monster count
 F = Vault count percentage of total count
                 A         B        C        D         E       F
            +---------+---------+-------+---------+---------+-------
      Total |       7 |       0 |   0.0 |       4 |       0 |   0.0
            +---------+---------+-------+---------+---------+-------
        D:1 |       7 |       0 |   0.0 |       4 |       0 |   0.0
            +---------+---------+-------+---------+---------+-------
